[Event "5th Baskent University Open 2022"]
[Site "Ankara"]
[Date "2022.06.26"]
[Round "1.1"]
[White "Turker, Esat Tuna"]
[Black "Arhimow, Mohamed Salem"]
[Result "0-1"]
[ECO "D36"]
[WhiteElo "1498"]
[BlackElo "1648"]
[Annotator "NA RC"]
[PlyCount "72"]
[EventDate "2022.07.02"]
[EventType "swiss"]
[EventCountry "TUR"]
[SourceTitle "playchess.com"]
[Source "ChessBase"]
[SourceQuality "1"]
[TimeControl "5400+30"]

1. d4 d5 2. c4 e6 3. cxd5 exd5 4. Nc3 Nf6 5. Bg5 Be7 6. e3 c6 7. Bd3 Nbd7 8. Qc2 O-O 9. Nge2 Re8 10. O-O h6 11. Bh4 b5 12. a3 a5 13. f3 Qb6 14. Bf2 Ba6 15. e4 dxe4 16. fxe4 Ng4 17. Nb1 Bg5 18. Kh1 c5 19. Qd1 Nxf2+ 20. Rxf2 cxd4 21. h3 Be3 22. Rf5 Ne5 23. Ng3 g6 24. Rf1 Nxd3 25. Qxd3 b4 26. Qb3 Bxf1 27. Nxf1 Rxe4 28. axb4 Rf4 29. Nbd2 a4 30. Rxa4 Rxa4 31. Qxa4 Rf2 32. Qe8+ Kh7 33. Nxe3 dxe3 34. Nc4 Rf1+ 35. Kh2 Qc7+ 36. Ne5 Rf5 0-1

[Event "5th Baskent University Open 2022"]
[Site "Ankara"]
[Date "2022.06.26"]
[Round "1.2"]
[White "Dilen, Bedirhan"]
[Black "Ari, Hasancan"]
[Result "1-0"]
[ECO "D02"]
[WhiteElo "1621"]
[BlackElo "1491"]
[Annotator "NA RC"]
[PlyCount "99"]
[EventDate "2022.07.02"]
[EventType "swiss"]
[EventCountry "TUR"]
[SourceTitle "playchess.com"]
[Source "ChessBase"]
[SourceQuality "1"]
[TimeControl "5400+30"]

1. d4 c6 2. Nf3 Nf6 3. Bf4 d5 4. e3 Qb6 5. Qc1 Bf5 6. Nbd2 e6 7. a4 c5 8. a5 Qd8 9. Bb5+ Nc6 10. Ne5 Rc8 11. a6 Qb6 12. axb7 Qxb7 13. Bxc6+ Rxc6 14. Nxc6 Qxc6 15. Rxa7 cxd4 16. exd4 Nd7 17. O-O Be7 18. Rc7 Qb6 19. Qa1 Bd8 20. Ra7 Bxc2 21. Rc1 Bd3 22. Rc8 Qb4 23. Rxd8+ Kxd8 24. Ra8+ Ke7 25. Rxh8 e5 26. Be3 exd4 27. Bf4 Kf6 28. Qa3 Qb5 29. g4 Nc5 30. Rb8 Qc6 31. b4 Ne6 32. g5+ Kf5 33. Qxd3+ Kxf4 34. Nb3 Kxg5 35. b5 Qc4 36. Qxc4 dxc4 37. Na5 c3 38. Rc8 Nf4 39. Nb3 d3 40. Kf1 d2 41. Nxd2 cxd2 42. Rd8 Ne6 43. Rxd2 Kf6 44. b6 Nc5 45. Rc2 Nd7 46. b7 Ke6 47. Rd2 Nb8 48. Rd8 Nc6 49. b8=Q Nxb8 50. Rxb8 1-0

[Event "5th Baskent University Open 2022"]
[Site "Ankara"]
[Date "2022.06.26"]
[Round "1.3"]
[White "Algul, Deniz Bilge"]
[Black "Uzun, Anil"]
[Result "1/2-1/2"]
[ECO "C07"]
[WhiteElo "1519"]
[BlackElo "1578"]
[Annotator "NA RC"]
[PlyCount "20"]
[EventDate "2022.07.02"]
[EventType "swiss"]
[EventCountry "TUR"]
[SourceTitle "playchess.com"]
[Source "ChessBase"]
[SourceQuality "1"]
[TimeControl "5400+30"]

1. e4 e6 2. d4 d5 3. Nd2 c5 4. exd5 Qxd5 5. Ngf3 cxd4 6. Bc4 Qd6 7. Nb3 Qb4+ 8. Nfd2 Nc6 9. a3 Qb6 10. O-O Be7 1/2-1/2

[Event "5th Baskent University Open 2022"]
[Site "Ankara"]
[Date "2022.06.26"]
[Round "1.5"]
[White "Smirnov, Matvey"]
[Black "Goksel, Mehmet Yigit"]
[Result "1/2-1/2"]
[ECO "C54"]
[WhiteElo "1390"]
[BlackElo "1358"]
[Annotator "NA RC"]
[PlyCount "131"]
[EventDate "2022.07.02"]
[EventType "swiss"]
[EventCountry "TUR"]
[SourceTitle "playchess.com"]
[Source "ChessBase"]
[SourceQuality "1"]
[TimeControl "5400+30"]

1. e4 e5 2. Nf3 Nc6 3. Bc4 Bc5 4. c3 Nf6 5. d4 exd4 6. cxd4 Bb4+ 7. Nc3 d5 8. exd5 Nxd5 9. O-O Bxc3 10. bxc3 O-O 11. Ba3 Re8 12. Qd2 h6 13. h3 Be6 14. Bd3 Nb6 15. Qc2 Qf6 16. Be4 Nc4 17. Bc1 Nd6 18. Re1 Nxe4 19. Qxe4 Bxh3 20. Ne5 Bf5 21. Qf4 Nxe5 22. dxe5 Qg6 23. f3 Rad8 24. Be3 Rd3 25. g4 Be6 26. c4 Red8 27. Bxa7 b6 28. c5 R3d4 29. Re4 Rxe4 30. Qxe4 Qxe4 31. fxe4 bxc5 32. Bxc5 Bxg4 33. a4 Rd1+ 34. Rxd1 Bxd1 35. a5 Be2 36. Kf2 Bb5 37. Ke3 g5 38. Kd4 c6 39. Bd6 h5 40. Be7 g4 41. Bh4 Kf8 42. Kc5 Ke8 43. Kb6 Kd7 44. Kc5 Ke6 45. Kd4 Bf1 46. Bf6 c5+ 47. Kxc5 g3 48. Bh4 g2 49. Bf2 h4 50. Kd4 h3 51. Bg1 Ba6 52. Bh2 Bb7 53. Bg1 Ke7 54. Ke3 Kd7 55. Kf4 Kc6 56. Kg3 Bc8 57. a6 Bxa6 58. Kxh3 Bf1 59. Kh2 Kb5 60. Bf2 Kc4 61. Bh4 Kd3 62. Kg1 Ke3 63. Bf6 Kf3 64. e6 fxe6 65. e5 Bc4 66. Bg7 1/2-1/2

[Event "5th Baskent University Open 2022"]
[Site "Ankara"]
[Date "2022.06.26"]
[Round "1.6"]
[White "Simsek, Ayaz"]
[Black "Celebi, Mehmet Alper"]
[Result "0-1"]
[ECO "B22"]
[WhiteElo "1477"]
[BlackElo "1515"]
[Annotator "NA RC"]
[PlyCount "72"]
[EventDate "2022.07.02"]
[EventType "swiss"]
[EventCountry "TUR"]
[SourceTitle "playchess.com"]
[Source "ChessBase"]
[SourceQuality "1"]
[TimeControl "5400+30"]

1. e4 c5 2. c3 e6 3. d4 cxd4 4. cxd4 Nf6 5. e5 Nd5 6. Nf3 d6 7. exd6 Bxd6 8. Nc3 Bc7 9. Bd3 Nc6 10. O-O O-O 11. Qe2 h6 12. Qe4 Nf6 13. Qh4 e5 14. dxe5 Nxe5 15. Nxe5 Bxe5 16. Rd1 Qb6 17. Be3 Qxb2 18. Ne4 Bf5 19. Rab1 Qxa2 20. Bc4 Qa5 21. Rb5 Qc7 22. Rc5 Qe7 23. Nxf6+ Bxf6 24. Qg3 Bh7 25. Rc7 Qe5 26. Bf4 Qh5 27. Rdd7 Rad8 28. Qb3 Rxd7 29. Rxd7 Bg6 30. Rxb7 Be4 31. Rxa7 Qg4 32. g3 Rd8 33. Rxf7 Rd1+ 34. Bf1 Bd5 35. Qb8+ Kxf7 36. Bd6 Rxf1+ 0-1

[Event "5th Baskent University Open 2022"]
[Site "Ankara"]
[Date "2022.06.26"]
[Round "1.7"]
[White "Demirbag, Ertugrul"]
[Black "Sari, Engin"]
[Result "0-1"]
[ECO "A45"]
[WhiteElo "1344"]
[BlackElo "1410"]
[Annotator "NA RC"]
[PlyCount "70"]
[EventDate "2022.07.02"]
[EventType "swiss"]
[EventCountry "TUR"]
[SourceTitle "playchess.com"]
[Source "ChessBase"]
[SourceQuality "1"]
[TimeControl "5400+30"]

1. d4 Nf6 2. Bf4 d6 3. Nc3 c6 4. e3 g6 5. Nf3 Bg7 6. Bd3 O-O 7. O-O Nfd7 8. Bc4 d5 9. Bb3 Re8 10. e4 e6 11. Re1 Nb6 12. a4 a5 13. Qe2 Bd7 14. Qd2 Na6 15. Bh6 f5 16. exf5 exf5 17. Rxe8+ Bxe8 18. Re1 Nc7 19. Qf4 Nd7 20. Bxg7 Kxg7 21. Ng5 Bf7 22. Nxf7 Kxf7 23. g4 Ne6 24. Qh6 Qg8 25. gxf5 gxf5+ 26. Kh1 Qg6 27. Qe3 Rg8 28. Qg3 Qh5 29. Qe3 Qg6 30. Qg3 f4 31. Qh3 Nb6 32. Ne2 Ng5 33. Qg4 Qe4+ 34. f3 Nxf3 35. Qh5+ Ke7 0-1

[Event "5th Baskent University Open 2022"]
[Site "Ankara"]
[Date "2022.06.26"]
[Round "1.8"]
[White "Topak, Elif Sinem"]
[Black "Yuksel, Hasan Kemal"]
[Result "0-1"]
[ECO "C47"]
[WhiteElo "1368"]
[BlackElo "1284"]
[Annotator "NA RC"]
[PlyCount "108"]
[EventDate "2022.07.02"]
[EventType "swiss"]
[EventCountry "TUR"]
[SourceTitle "playchess.com"]
[Source "ChessBase"]
[SourceQuality "1"]
[TimeControl "5400+30"]

1. e4 e5 2. Nf3 Nf6 3. Nc3 Nc6 4. Be2 Bb4 5. Nd5 Bc5 6. O-O O-O 7. Nxf6+ Qxf6 8. c3 h6 9. d3 d6 10. Be3 Bb6 11. d4 exd4 12. cxd4 Bg4 13. d5 Ne5 14. Nxe5 Bxe2 15. Qxe2 Qxe5 16. Bxb6 axb6 17. a3 Rfe8 18. Rae1 c6 19. Qd2 Ra4 20. b4 Rxa3 21. f4 Qc3 22. Qf2 Qxb4 23. dxc6 bxc6 24. e5 dxe5 25. fxe5 Qc5 26. Qxc5 bxc5 27. Rc1 Rxe5 28. Rf2 Rae3 29. Rfc2 Re1+ 30. Kf2 Rxc1 31. Rxc1 f6 32. Kf3 Kf7 33. g4 h5 34. gxh5 Rxh5 35. Kg4 Rd5 36. Kf4 g5+ 37. Kg4 Kg6 38. Kg3 f5 39. h3 Kf6 40. Kf3 Ke6 41. Rg1 f4 42. h4 Rd3+ 43. Kf2 gxh4 44. Rg4 c4 45. Rxh4 c3 46. Rxf4 Kd5 47. Ke2 c2 48. Rf1 Rd1 49. Rxd1+ cxd1=Q+ 50. Kxd1 Kc4 51. Kd2 Kb3 52. Kc1 c5 53. Kd2 c4 54. Kc1 Kc3 0-1

[Event "5th Baskent University Open 2022"]
[Site "Ankara"]
[Date "2022.06.26"]
[Round "1.12"]
[White "Sarisin, Ali Bora"]
[Black "Donali, Mahmut"]
[Result "1-0"]
[ECO "B21"]
[WhiteElo "1224"]
[BlackElo "1308"]
[Annotator "NA RC"]
[PlyCount "49"]
[EventDate "2022.07.02"]
[EventType "swiss"]
[EventCountry "TUR"]
[SourceTitle "playchess.com"]
[Source "ChessBase"]
[SourceQuality "1"]
[TimeControl "5400+30"]

1. e4 c5 2. d4 cxd4 3. c3 dxc3 4. Nxc3 e6 5. Nf3 Nc6 6. Bc4 a6 7. O-O Qc7 8. Qe2 Be7 9. Rd1 Bf6 10. Bb3 Nge7 11. Be3 Bxc3 12. bxc3 O-O 13. Bc5 Re8 14. Bd6 Qa5 15. Rd3 b5 16. Ng5 h6 17. Nxf7 Kxf7 18. Qh5+ g6 19. Qxh6 Rg8 20. Qh7+ Ke8 21. Bd5 Rf8 22. Bxc6 Nxc6 23. Qxg6+ Kd8 24. Qg5+ Ke8 25. Bxf8 1-0

[Event "5th Baskent University Open 2022"]
[Site "Ankara"]
[Date "2022.06.26"]
[Round "1.13"]
[White "Atar, Sefa"]
[Black "Erdem, Osman"]
[Result "1/2-1/2"]
[ECO "B75"]
[WhiteElo "1272"]
[BlackElo "1303"]
[Annotator "NA RC"]
[PlyCount "122"]
[EventDate "2022.07.02"]
[EventType "swiss"]
[EventCountry "TUR"]
[SourceTitle "playchess.com"]
[Source "ChessBase"]
[SourceQuality "1"]
[TimeControl "5400+30"]

1. e4 c5 2. Nf3 d6 3. d4 cxd4 4. Nxd4 Nf6 5. Nc3 g6 6. f3 Bg7 7. Be3 Nc6 8. Qd2 Bd7 9. O-O-O Rc8 10. Nxc6 Bxc6 11. Bc4 a6 12. Bh6 O-O 13. Bxg7 Kxg7 14. h4 h5 15. Bd5 b5 16. Bxc6 Rxc6 17. Rdg1 b4 18. Nd5 Nxd5 19. Qxd5 Qb6 20. g4 Rfc8 21. gxh5 Rxc2+ 22. Kb1 R2c5 23. h6+ Kf8 24. h7 Kg7 25. h8=Q+ Rxh8 26. Qd4+ Kg8 27. Qe3 Rb5 28. Qxb6 Rxb6 29. h5 Kg7 30. Kc2 Rb5 31. hxg6 Rxh1 32. Rxh1 Kxg6 33. Kd3 Rc5 34. Rh2 d5 35. Kd4 Ra5 36. b3 dxe4 37. fxe4 e5+ 38. Kc4 Rb5 39. Rf2 Rb7 40. Kd5 f6 41. Ke6 Rb6+ 42. Kd5 Kf7 43. Kc5 Rb8 44. Rd2 Ke7 45. Rh2 Ke6 46. Rd2 Ke7 47. Rh2 a5 48. Rh7+ Ke6 49. Ra7 Rc8+ 50. Kb5 Rd8 51. Rxa5 Rd4 52. Ra4 Rxe4 53. Rxb4 Rxb4+ 54. Kxb4 Kd5 55. a4 Kd4 56. a5 e4 57. a6 e3 58. a7 e2 59. Kb5 e1=Q 60. a8=Q Qe2+ 61. Kb4 Ke5 1/2-1/2

[Event "5th Baskent University Open 2022"]
[Site "Ankara"]
[Date "2022.06.26"]
[Round "1.14"]
[White "Buzlu, Doga Piril"]
[Black "Dogan, Emre Kagan"]
[Result "1-0"]
[ECO "C05"]
[WhiteElo "1181"]
[BlackElo "1175"]
[Annotator "NA RC"]
[PlyCount "66"]
[EventDate "2022.07.02"]
[EventType "swiss"]
[EventCountry "TUR"]
[SourceTitle "playchess.com"]
[Source "ChessBase"]
[SourceQuality "1"]
[TimeControl "5400+30"]

1. e4 e6 2. d4 d5 3. Nd2 Nf6 4. e5 Nfd7 5. Ngf3 c5 6. c3 Nc6 7. Bb5 Qb6 8. Bxc6 Qxc6 9. O-O Be7 10. Re1 O-O 11. Nf1 f6 12. exf6 Bxf6 13. Ng3 Nb6 14. Bg5 Nc4 15. Qc2 cxd4 16. cxd4 e5 17. Bxf6 Rxf6 18. b3 e4 19. Nd2 Nxd2 20. Qxd2 Bd7 21. Rac1 Qb6 22. Rc5 Bc6 23. Nh5 Rf7 24. Nf4 Raf8 25. g3 Qd8 26. Ne6 Qe7 27. Nxf8 Qxf8 28. b4 a6 29. Qc2 Rf3 30. a4 Bxa4 31. Qxa4 Rxf2 32. Qb3 Rf5 33. Rxd5 Qd8 1-0

[Event "5th Baskent University Open 2022"]
[Site "Ankara"]
[Date "2022.07.03"]
[Round "2.1"]
[White "Ozer, Omer Faruk"]
[Black "Annaberdiev, Meilis"]
[Result "1/2-1/2"]
[ECO "B01"]
[WhiteElo "2317"]
[BlackElo "2484"]
[Annotator "TA"]
[PlyCount "80"]
[EventDate "2022.07.02"]
[EventType "swiss"]
[EventCountry "TUR"]
[SourceTitle "playchess.com"]
[Source "ChessBase"]
[SourceQuality "1"]
[TimeControl "5400+30"]

1. e4 d5 2. exd5 Qxd5 3. Nc3 Qa5 4. d4 Nf6 5. Bd2 c6 6. Bc4 Bf5 7. Nf3 e6 8. Nd5 Qd8 9. Nxf6+ gxf6 10. Qe2 (10. O-O $14) 10... Be7 {[%emt 0:12:00] B01: Scandinavian Defence.} (10... Bxc2 $11 11. O-O Be7) 11. Bb3 a5 12. a4 {[%emt 0:00:30] [#]} Na6 $146 {[%emt 0:00:30] White is slightly better.} ({Predecessor:} 12... Bg4 13. Be3 Na6 14. h3 Bh5 15. g4 Bg6 16. Nh4 Be4 17. f3 Bg6 18. Ng2 Bd6 {1-0 (57) Marinkovic,I (2485)-Maus,S (2385) Germany 1992}) 13. Rd1 Rg8 14. h3 $1 Nb4 (14... Rxg2 $2 15. Nh4 Rg6 16. Nxf5 (16. Nxg6 hxg6 17. Be3 Qd6 $14) 16... exf5 17. Qc4 $18) 15. Bxb4 (15. Bc1 $14) 15... axb4 $15 16. Nh4 {[%emt 0:05:42][%cal Od4d5] [#] And now d5! would win.} Bg6 17. g3 Qa5 18. Kf1 Qa6 19. Nxg6 Qxe2+ 20. Kxe2 hxg6 21. h4 Rh8 22. g4 Ra5 23. f3 Kf8 24. c4 bxc3 25. bxc3 Kg7 26. Bc2 b5 27. axb5 cxb5 28. Bb3 Ra3 29. Rb1 Rc8 30. Kd3 Bd8 31. Rhc1 Ba5 32. c4 e5 33. d5 {[%emt 0:00:47][%cal Bd4d5,Bd5d6,Bd6d7][%mdl 32] The position is equal.} Bb6 34. d6 Rc6 35. c5 Rxc5 36. Rxc5 Bxc5 37. d7 Be7 38. Ke4 Ra6 39. Rd1 Bd8 40. Rd5 Rb6 {[%emt 0:00:00] Weighted Error Value: White=0.10 (very precise) /Black=0.08 (flawless)} 1/2-1/2

[Event "5th Baskent University Open 2022"]
[Site "Ankara"]
[Date "2022.07.03"]
[Round "2.2"]
[White "Rasulov, Vugar"]
[Black "Huseyinoglu, Alihan"]
[Result "1-0"]
[ECO "A35"]
[WhiteElo "2458"]
[BlackElo "2213"]
[Annotator "TA"]
[PlyCount "71"]
[EventDate "2022.07.02"]
[EventType "swiss"]
[EventCountry "TUR"]
[SourceTitle "playchess.com"]
[Source "ChessBase"]
[SourceQuality "1"]
[TimeControl "5400+30"]

1. Nf3 c5 2. c4 Nc6 3. Nc3 Nf6 4. e3 g6 5. d4 cxd4 6. exd4 d5 7. Bg5 {[%emt 0:02:00] Strongly threatening Bxf6.} Be6 {[%emt 0:13:00] A35: Symmetrical English: 2 Nc3 Nc6 3 Nf3.} 8. a3 Bg7 (8... dxc4 $2 9. Bxf6 exf6 10. d5 $18) 9. c5 Ne4 {[%emt 0:05:30] Black is slightly better.} 10. Be3 {[%emt 0:00:30] [#]} O-O {[%emt 0:05:30] [#]} (10... Nxc5 $1 $17 11. dxc5 (11. Bb5 Ne4) 11... d4 12. Nxd4 Bxd4) 11. Bd3 $146 {[%emt 0:04:30] [#]} ({White should try} 11. Qc2 $15) ({Predecessor:} 11. Rc1 Nxc5 12. dxc5 d4 13. Nxd4 Nxd4 14. Bd3 Nb3 15. Rc2 Bd4 16. Bxd4 Nxd4 17. Rd2 {0-1 (50) Simon,T (1989)-Sucher,J (2141) Innsbruck 2018}) 11... Nxc5 $1 $17 12. dxc5 d4 13. Nxd4 Nxd4 (13... Bxd4 14. O-O $15) 14. O-O Nb3 (14... Rc8 $17 15. Qa4 Nb3) 15. Rb1 $15 Rc8 $36 {[%emt 0:01:30][%mdl 2048] Black fights for an advantage.} 16. Ne4 f5 (16... Qd5 $15) 17. Ng5 $11 Bd5 18. Qe2 $2 {[%emt 0:05:30] [#]} (18. Bc2 $1 $11 {and White is okay.} Nxc5 19. b4) 18... f4 $1 $19 (18... Nxc5 19. Bc4 Ne6 20. Bxd5 Qxd5 21. Rbd1 $15) 19. Rbd1 fxe3 20. Qxe3 e5 ({Weaker is} 20... Rxc5 21. Be4 e6 22. Bxd5 exd5 23. Ne6 $11) (20... Bxb2 21. Qh3 Rf7 22. Be4 $18) 21. Qg3 (21. Bc4 $142 Bxc4 22. Rxd8 Rfxd8 23. Qh3) 21... Rf4 (21... Nd4 $142 {And now ...e4 would win.} 22. Rfe1 Rf4 23. Nxh7 Rxc5) 22. Be4 Rxe4 ({Stronger than} 22... Nd4 23. Rxd4 Rxe4 24. Rxe4 $11) 23. Nxe4 Nd4 ({Don't do} 23... Nxc5 24. Nc3 $18) 24. Qd3 {[%emt 0:00:02] Prevents Ne2+.} Qh4 25. Rfe1 Rf8 26. b4 Bxe4 27. Qxe4 Qxf2+ 28. Kh1 Qf7 29. h3 a6 30. a4 (30. Rf1 $142 Qxf1+ 31. Rxf1 Rxf1+ 32. Kh2) 30... Qd7 31. Rf1 Rxf1+ 32. Rxf1 Qc6 {[%emt 0:00:08] Inhibits b5.} 33. Qh4 {[%emt 0:01:08] [#] Threatening mate with Qd8+.} Qd7 {[%emt 0:01:07] Against Qd8+} (33... Qd5 $1 $19 {White must now prevent ...Nf5.} 34. Qg4 Bf8) 34. b5 (34. Qe4 $11) 34... axb5 $15 35. axb5 Qxb5 $2 (35... Bf8 $15 36. c6 bxc6) 36. Qd8+ {[%emt 0:00:30] Weighted Error Value: White=0.43/Black=0.43} 1-0

[Event "5th Baskent University Open 2022"]
[Site "Ankara"]
[Date "2022.07.03"]
[Round "2.3"]
[White "Altun, Arda"]
[Black "Atabayev, Saparmyrat"]
[Result "1/2-1/2"]
[ECO "B94"]
[WhiteElo "2213"]
[BlackElo "2447"]
[Annotator "TA"]
[PlyCount "73"]
[EventDate "2022.07.02"]
[EventType "swiss"]
[EventCountry "TUR"]
[SourceTitle "playchess.com"]
[Source "ChessBase"]
[SourceQuality "1"]
[TimeControl "5400+30"]

1. e4 c5 2. Nf3 d6 3. d4 cxd4 4. Nxd4 Nf6 5. Nc3 a6 6. Bg5 Nbd7 7. Qe2 {[%emt 0:00:00] B94: Sicilian Najdorf: 6 Bg5 Nbd7.} Qa5 8. Bd2 Qb6 9. Nb3 {[%emt 0:02:30] White is more active. White is slightly better.} Qc7 10. g4 h6 11. f4 g5 {[%emt 0:06:30] [#]} 12. fxg5 $146 ({Predecessor:} 12. e5 dxe5 13. fxg5 hxg5 14. Bxg5 Rg8 15. h4 Nb6 16. Rg1 Nfd5 17. Ne4 Bd7 18. Nbc5 {1-0 (35) Gruenfeld,Y (2449)-Grinberg,E (2201) Jerusalem 2014}) 12... hxg5 13. Bxg5 Rg8 (13... Bg7 $14) 14. h4 $16 b5 15. Bg2 (15. Bxf6 $16 Nxf6 16. g5) 15... b4 $1 $11 16. e5 {[%emt 0:06:40] [#]} bxc3 $1 17. O-O-O {[%emt 0:04:56] Hoping for exd6.} (17. Bxa8 cxb2 18. exf6 bxa1=Q+ 19. Nxa1 Qc3+ 20. Kf2 Ne5 $19) 17... Nxe5 18. Bxf6 $2 (18. Bxa8 $11 Bxg4 19. Qxa6 $1) 18... Bxg4 $19 19. Qe4 Rc8 (19... exf6 20. Qxa8+ Ke7 21. Kb1 $11) 20. Bxe5 dxe5 21. Kb1 (21. Rd5 {was the only defense.}) 21... Bxd1 22. Rxd1 {[%emt 0:00:02] White wants to mate with Qa4+.} Bh6 {[%emt 0:00:53] Strongly threatening ...e6.} (22... f5 $2 23. Qxf5 $1 Qb6 24. Qxc8+ $18) 23. Bh3 (23. Bf1 $142) 23... Rd8 $4 (23... e6 $19 {and all is fine.} 24. Bf1 f5 25. Qa4+ Ke7 26. Bxa6 Rcd8 27. Qb4+ Kf6) 24. Rxd8+ $18 Qxd8 25. Qc6+ Kf8 26. Qxh6+ Rg7 27. Qh8+ Rg8 28. Qh6+ (28. Qxe5 Qd1+ 29. Nc1 Qxc1+ $3 30. Kxc1 Rg1+) 28... Rg7 $1 29. Qh8+ $2 {[%emt 0:04:13] Dancing on a razor blade.} (29. bxc3 $18 Qd6 30. Qh5) 29... Rg8 $11 30. Qh6+ $40 {[%emt 0:00:00][%mdl 128] White has some attack.} (30. Qxe5 Qd1+ 31. Nc1 Qxc1+ $3 32. Kxc1 Rg1+) 30... Ke8 $2 (30... Rg7 $1 $11 {and Black has nothing to worry.}) 31. Qc6+ $18 (31. bxc3 $6 Qd6 32. Qh5 a5 $16) (31. Qxa6 Rg1+ 32. Bf1 (32. Nc1 $2 Rxc1+ 33. Kxc1 Qd2+ 34. Kb1 Qe1#) 32... Qd1+ 33. Nc1 Kf8 34. Qh6+ Kg8 $17) 31... Kf8 32. Qh6+ (32. Qxc3 Rg1+ 33. Nc1 Qd1 $11) 32... Ke8 33. Qc6+ (33. Qxa6 Rg1+ 34. Bf1 (34. Nc1 $2 Rxc1+ 35. Kxc1 Qd2+ 36. Kb1 Qe1#) 34... Qd1+ 35. Nc1 Kf8 36. Qh6+ Kg8 $17) 33... Kf8 {[%emt 0:00:06] ( -> ...Qd1+)} 34. Qh6+ ({Much weaker is} 34. Qxc3 $6 Rg1+ 35. Nc1 Qd1 $11) (34. bxc3 $16 {Threatens to win with Qh6+.} Qd6 35. Qa8+ Kg7 36. Qf3) 34... Rg7 $2 (34... Ke8 $11) 35. Qh8+ Rg8 36. Qh6+ (36. Qxe5 Qd1+ 37. Nc1 {[#]} Qxc1+ $3 38. Kxc1 Rg1+) 36... Ke8 37. Qc6+ {[%emt 0:00:00] Weighted Error Value: White=0.82/Black=0.50} ({Not} 37. Qxa6 Rg1+ 38. Bf1 (38. Nc1 $2 {is a self mate.} Rxc1+ 39. Kxc1 Qd2+ 40. Kb1 Qe1#) 38... Qd1+ 39. Nc1 Kf8 40. Qh6+ Kg8 $17) ({White has to play} 37. bxc3 $16 Qd6 38. Qe3) 1/2-1/2

[Event "5th Baskent University Open 2022"]
[Site "Ankara"]
[Date "2022.07.03"]
[Round "2.4"]
[White "Bicer, Atakan Mert"]
[Black "Unat, Can Haktan"]
[Result "0-1"]
[ECO "A15"]
[WhiteElo "2368"]
[BlackElo "2242"]
[Annotator "TA"]
[PlyCount "102"]
[EventDate "2022.07.02"]
[EventType "swiss"]
[EventCountry "TUR"]
[SourceTitle "playchess.com"]
[Source "ChessBase"]
[SourceQuality "1"]
[TimeControl "5400+30"]

1. c4 Nf6 2. g3 g6 3. Bg2 d5 4. cxd5 Nxd5 5. Qb3 Nb6 6. Qc3 {[%emt 0:07:30] Inhibits Bg7. A15: English Opening: 1...Nf6.} Rg8 7. Nf3 Bg7 8. Qc2 {[%emt 0:04:30] White is slightly better.} Nc6 9. d3 Bg4 10. Nbd2 {[%emt 0:01:30] [#]} Qd7 $146 ({Predecessor:} 10... h6 11. O-O Qd7 12. Nb3 O-O-O 13. Nc5 Qd6 14. Be3 Kb8 15. Rfc1 Bc8 16. a4 a5 {½-½ (50) Ferreira,J (2327)-Swinkels,R (2483) Torres Vedras 2011}) 11. h3 Be6 12. Ne4 Bd5 (12... Nb4 $5 13. Qb1 Na6 $11) 13. Be3 (13. O-O $14) 13... Bxe4 (13... Nb4 $11 14. Qd2 Qa4) 14. dxe4 $14 Nb4 15. Qc5 Qd6 (15... Bxb2 $11 16. Rd1 Qc6 $1) 16. O-O (16. Qc1 $1 $14 {might be stronger.} Nc6 17. e5) 16... Qxc5 $1 $11 17. Bxc5 Na6 18. Bd4 Bxd4 19. Nxd4 O-O-O 20. Nb3 e5 21. Rac1 Nb4 22. Rc5 Rge8 23. a3 Na6 24. Rc2 c6 25. f4 Nd7 26. Na5 Nc7 27. Nc4 Re7 28. h4 Ne6 29. e3 Kc7 30. b4 exf4 31. gxf4 Nb6 32. Nb2 {[%emt 0:02:15] Against Rd3} Kb8 33. a4 Nc7 34. Kf2 (34. a5 $14 Nc8 35. Nc4) 34... Na6 $1 $15 35. b5 Nb4 36. Re2 cxb5 37. axb5 Na2 {[%emt 0:00:00] next ...Nc3 is good for Black. Pair of Knights!} 38. Rd1 (38. Nd1 $11 Nb4 39. Kg3) 38... Rc8 $1 $36 {[%emt 0:00:37][%mdl 2048] Threatens to win with ...Nc3. Black is pushing.} 39. Rd4 $2 {[%emt 0:01:31] [#] This move loses the game for White.} (39. Bh3 $15 Rce8 40. Rc2) 39... Nc1 $1 $19 40. Red2 Nb3 $1 41. Re2 (41. e5 {was called for.}) 41... Nxd4 42. exd4 {[%emt 0:00:00] [#]} Nd5 $1 43. Kg3 (43. Rd2 Nxf4) 43... Nc3 {[%emt 0:00:50][%csl LRb5,LRe2] Prevents Nd1.} 44. Re3 Nxb5 45. d5 Nd6 {[%emt 0:01:07] Hoping for ...Nf5+.} 46. Re2 Nf5+ 47. Kg4 (47. Kf2 $142) 47... f6 {[%emt 0:01:31][%cal Bf7f6,Bf6f5][%mdl 32] And now ...Rc3 would win. Black is clearly winning.} 48. h5 Rc3 49. hxg6 hxg6 50. Bf3 Nd4 51. Rf2 f5+ {[%emt 0:00:21] Weighted Error Value: White=0.45/Black=0.08 (flawless)} 0-1